Unix NetHack Version 5.0.0-0 post-release - last build Jul 19 2026 19:10:59 (3aa4ab31751d3886436d94b585a96704892fd477,branch:main).

Game began 2026-07-27 17:06:52, ended 2026-07-27 22:00:00.

Barrb, neutral female human Barbarian

                            -------     -------
                            |efw~~|--   |..|`>|
                            |q...d+.|   |.%...|
                          --|..r.W|-|   |.--.---
                          |.+.sm.h+:|  --.|..*.----
                          |.|.B@.Q|-| --..|.*.....|
                          |.|cq.Sk+.| |...|---.)..|
                          |.|.Y.i:|-- |...|..|....|
                          |.|------   |[..|...`.`.|
                          |.|        --......|`.`*--
                          |.|        |...%|..|`.`..|
                          |.|        |....|--|..@%.|
                          |.|        |...--  --.|@.|
                          |.|        -----    |.----
                          |.-------------------..|
                          |....)....%...........d|
                          ------------------------

Barrb the Brigand          St:25 Dx:16 Co:18 In:7 Wi:9 Ch:9  Neutral
Dlvl:5  $:0  HP:0(129) Pw:29(29) AC:-5 Xp:10 T:17030  Burdened Blind

Latest messages:
 What do you want to drink? [sV or ?*] s
 You feel better.
 The elf-lord hits!
 The elf-lord hits again!
 You smite the elf-lord.
 The elf-lord hits!
 The elf-lord hits again!
 You smite the elf-lord.
 The elf-lord hits!
 The elf-lord hits again!
 You smite the elf-lord.
 The elf-lord hits!
 The elf-lord hits again!
 You smite the elf-lord.
 The elf-lord hits!
 The elf-lord hits again!
 You kill the elf-lord!
 You try to feel what is lying here on the floor.
 It is missed.
 The flask crashes on your head and breaks into shards.
 Something seems to be holding you.
 You stop searching.
 It explodes!
 You hear a blast.
 You are caught in the explosion!
 The leocrotta hits!
 The leocrotta bites!
 The leocrotta hits!
 You can move again.
 You smite the leocrotta.
 The leocrotta misses!
 The leocrotta bites!
 The leocrotta hits!
 You kill the leocrotta!
 You are hit!
 It misses.
 It misses.
 It misses.
 It misses.
 You try to feel what is lying here on the floor.
 You feel here a leocrotta corpse.
 You try to feel what is lying here on the floor.
 You feel here 4 runed arrows.
 You smite the elf-lord.
 You smite the elf-lord.
 The elf-lord hits!
 The elf-lord hits again!
 The elf-lord hits!
 You die...
 Do you want your possessions identified? [ynq] (y) q

Inventory:
 Amulets  ('"')
  t - an uncursed amulet of reflection (being worn)
 Weapons  (')')
  v - 63 +0 darts (at the ready)
  a - a +0 battle-axe (alternate weapon; not wielded)
  b - a thoroughly rusty very corroded +0 short sword (weapon in right hand)
 Armor    ('[')
  E - an uncursed greased +0 orcish helm (being worn)
  M - an uncursed thoroughly rusty +0 pair of gauntlets of power (being worn)
  u - an uncursed thoroughly burnt +3 pair of elven boots (being worn)
  y - an uncursed +1 shield of reflection (being worn)
  Z - an uncursed greased fireproof +0 leather cloak (being worn)
  G - a blessed +1 dwarvish mithril-coat (being worn)
 Comestibles  ('%')
  e - 2 uncursed tripe rations
  g - an uncursed lizard corpse
 Scrolls  ('?')
  P - an uncursed scroll of blank paper
  f - a blessed scroll of confuse monster
  R - an uncursed scroll of create monster
  k - an uncursed scroll of destroy armor
  H - a blessed scroll of enchant weapon
  F - an uncursed scroll of enchant weapon
  K - an uncursed scroll of magic mapping
  j - an uncursed scroll of remove curse
  r - 2 uncursed scrolls of teleportation
  X - an uncursed scroll of teleportation
 Potions  ('!')
  V - an uncursed potion of hallucination
 Rings    ('=')
  h - a cursed ring of conflict
  J - a blessed +1 ring of increase damage (on left hand)
  B - an uncursed ring of stealth (on right hand)
  T - an uncursed ring of warning
 Wands    ('/')
  i - a wand of cancellation (0:3)
  p - a wand of digging (0:1)
  O - a wand of fire (2:5)
  Q - a wand of fire (0:5)
  W - a wand of fire (0:3)
  c - a wand of magic missile (0:6)
  C - a wand of magic missile (0:3)
  L - a wand of make invisible (0:8)
  l - a wand of make invisible (0:6)
  D - a wand of make invisible (0:3)
  x - a wand of opening (0:4)
  Y - a wand of secret door detection (0:14)
  U - a wand of stasis (0:4)
 Tools    ('(')
  z - an uncursed sack containing 29 items
  n - an uncursed lock pick
  S - a +0 pick-axe
  m - an uncursed towel (being worn)
 Gems/Stones  ('*')
  I - 3 uncursed worthless pieces of white glass
  o - an uncursed luckstone

Contents of the sack:
  2166 gold pieces
  12 poisoned +0 arrows
  7 blessed +0 darts
  an uncursed fireproof +0 pair of leather gloves
  an uncursed +0 pair of high boots
  an uncursed +0 elven cloak
  an uncursed cram ration
  2 uncursed food rations
  5 cursed food rations
  an uncursed tripe ration
  2 uncursed potions of water
  a blessed potion of booze
  5 uncursed potions of booze
  an uncursed potion of fruit juice
  an uncursed potion of restore ability
  2 uncursed potions of object detection
  a blessed potion of sleeping
  a blessed +1 ring of adornment
  an uncursed +1 ring of gain strength
  a wand of create monster (0:0)
  a wand of magic missile (0:6)
  an uncursed oil lamp
  an uncursed tin whistle
  a can of grease (0:20)
  a cursed magic marker (0:20)
  a cursed magic marker (0:22)
  2 uncursed rubies
  2 uncursed worthless pieces of red glass
  3 uncursed amethyst stones

Barrb the Barbarian's attributes:

Background:
 You were a Brigand, a level 10 female human Barbarian.
 You were neutral, on a mission for Crom
 who was opposed by Mitra (lawful) and Set (chaotic).
 You were right-handed.
 You were in Sokoban, on level 5.
 You entered the dungeon 17030 turns ago.
 It was nighttime.
 You had 8609 experience points, 1391 more were needed to attain level 11.

Basics:
 You had 0 out of 129 hit points.
 You had all 29 energy points (spell power).
 Your armor class was -5.
 Your wallet was empty, but
 you had 2166 zorkmids stashed away in your pack.
 Autopickup was off.

Final Characteristics:
 Your strength was 25 (base:18/01, innate limit:18/100).
 Your dexterity was 16 (limit:18).
 Your constitution was 18 (limit:18).
 Your intelligence was 7 (limit:18).
 Your wisdom was 9 (limit:18).
 Your charisma was 9 (limit:18).

Final Status:
 You were deliberately blind.
 You weren't hungry.
 You were burdened; movement was slightly slowed.
 You were wielding a short sword.
 You had expert skill with short sword.

Final Attributes:
 You were piously aligned.
 You were poison resistant.
 You were telepathic.
 You were stealthy.
 You had a small damage bonus (+1).
 You were guarded.
 You were fast.
 You had reflection.
 You were very unlucky.
 You had extra luck.
 Bad luck did not time out for you.
 Good luck did not time out for you.
 You are dead.

Miscellaneous:
 You encountered 2 bones levels.
 Total elapsed playing time was 4 hours, 12 minutes and 44 seconds.

Major events:
 Turn
    1: Barrb the neutral female human Barbarian entered the dungeon
  995: entered the Gnomish Mines
 1031: attained the rank of Pillager (level 3)
 2592: attained the rank of Bandit (level 6)
 4668: reached Mine Town
 8595: acquired the Mines' End luckstone
11923: attained the rank of Brigand (level 10)
13468: entered Sokoban
13972: completed 1st Sokoban level
14941: completed 2nd Sokoban level
15681: completed 3rd Sokoban level
16973: completed 4th Sokoban level
17030: killed by an elf-lord

You didn't know any spells.

Skills:
 Fighting Skills
   bare handed combat [Basic]
   two weapon combat  [Unskilled]
   riding             [Unskilled]
 Weapon Skills
   dagger             [Unskilled]
   axe                [Basic]
   pick-axe           [Unskilled]
   short sword        [Expert]
   broadsword         [Unskilled]
   long sword         [Unskilled]
   two-handed sword   [Unskilled]
   saber              [Unskilled]
   club               [Unskilled]
   mace               [Unskilled]
   morning star       [Unskilled]
   flail              [Unskilled]
   hammer             [Unskilled]
   quarterstaff       [Unskilled]
   spear              [Unskilled]
   trident            [Unskilled]
   bow                [Unskilled]
 Spellcasting Skills
   attack spells      [Unskilled]
   escape spells      [Unskilled]

Voluntary challenges:
 Character rerolling was not enabled.
 You never genocided any monsters.
 You never polymorphed an object.
 You never changed form.
 You used no wishes.
 You violated the special Sokoban rules 8 times.
Achievements:
 You entered the Gnomish Mines.
 You entered a shop.
 You attained the rank of Pillager.
 You attained the rank of Bandit.
 You entered Minetown.
 You entered a temple.
 You completed the Gnomish Mines.
 You attained the rank of Brigand.
 You entered Sokoban.

 The Dungeons of Doom: levels 1 to 9
    Level 1:
       A fountain.
    Level 2:
       A general store.
       Stairs down to The Gnomish Mines.
    Level 3:
       An armor shop, an altar.
    Level 4:
       A weapon shop, a fountain.
    Level 5:
       Final resting place for
          mwm11235-Wiz-Hum-Mal-Neu, killed by an invisible baby gold dragon,
          nutt-Wiz-Gno-Mal-Neu, killed by a bolt of fire zapped by a leprechaun.
    Level 6:
    Level 7:
       A fountain.
    Level 8:
       Many fountains.
    Level 9:
       An altar, a fountain, a sink.
       Stairs up to Sokoban, level 8.
 The Gnomish Mines: levels 3 to 10
    Level 3:
    Level 4:
    Level 5:
       Some shops, a temple and an altar, some fountains, some trees.
    Level 6:
       Some graves.
       Final resting place for
          Quietust-Kni-Hum-Mal-Law, killed by a rothe,
          chricraw-Val-Dwa-Fem-Law, killed by a giant bat.
    Level 7:
    Level 8:
    Level 9:
    Level 10:
       A fountain.
 Sokoban: levels 8 up to 5
    Level 5: <- You were here.
       Solved.
       Final resting place for
          you, killed by an elf-lord.
    Level 6:
       Solved.
    Level 7:
       Solved.
    Level 8:
       Solved.


Vanquished creatures:
  a baby gold dragon
  4 ghosts
  2 giant mimics
 an ogre tyrant
  a large mimic
  a wumpus
  a baby purple worm
  2 stalkers
 an earth elemental
  a giant mummy
  a giant zombie
  3 elf-nobles
  3 small mimics
 an ogre leader
  a quantum mechanic
  a troll
  a gelatinous cube
  a pyrolisk
  a freezing sphere
  a flaming sphere
  2 tigers
  3 gargoyles
  3 tengu
  2 ochre jellies
  a leocrotta
  a mountain centaur
  2 human mummies
  a python
  3 ettin zombies
  5 soldiers
  2 chameleons
  a giant beetle
  a quivering blob
  a cockatrice
  a wolf
  5 winter wolf cubs
  2 lynxes
  4 panthers
  2 leprechauns
  4 giant spiders
  a scorpion
  a black light
  2 vampire bats
  a gnome ruler
  2 orc mummies
  2 ogres
  2 rust monsters
 an owlbear
  a gold golem
  a werewolf
  3 lizards
  2 dingoes
  2 dogs
  a housecat
  2 jaguars
  a dwarf leader
  a blue jelly
  3 ravens
  a gnome mummy
  4 snakes
  3 rope golems
  3 Woodland-elves
  4 soldier ants
  2 imps
  a quasit
  3 water nymphs
  2 mountain nymphs
  7 Uruk-hai
 an orc shaman
  3 rock piercers
  2 rock moles
  2 fog clouds
  8 yellow lights
  a shrieker
  2 violet fungi
 14 gnome leaders
  7 gnomish wizards
  a guardian naga hatchling
  a gray ooze
  a ghoul
  a paper golem
 16 giant ants
  2 little dogs
  2 floating eyes
 20 dwarves
  2 homunculi
  a kobold leader
 20 hill orcs
  7 rothes
  2 rabid rats
  2 centipedes
  4 giant bats
  4 orc zombies
  5 dwarf zombies
  a wererat
  2 werejackals
  9 iguanas
 12 killer bees
  3 acid blobs
  3 coyotes
  3 gas spores
 10 hobbits
  3 large kobolds
  a hobgoblin
  3 giant rats
  6 cave spiders
  3 brown molds
  a yellow mold
  a red mold
 69 gnomes
  a garter snake
 11 geckos
  4 jackals
  3 foxes
  2 kobolds
  8 goblins
 18 grid bugs
  4 bats
 12 lichens
  2 kobold zombies
 10 newts
470 creatures vanquished.

No species were genocided or became extinct.

Game over:
                       ----------
                      /          \
                     /    REST    \
                    /      IN      \
                   /     PEACE      \
                  /                  \
                  |      Barrb       |
                  |     2166 Au      |
                  |   killed by an   |
                  |     elf-lord     |
                  |                  |
                  |                  |
                  |       2026       |
                 *|     *  *  *      | *
        _________)/\\_//(\/(/\)/\//\/|_)_______

Goodbye Barrb the Barbarian...

You died in Sokoban on dungeon level 5 with 37016 points,
and 2166 pieces of gold, after 17030 moves.
You were level 10 with a maximum of 129 hit points when you died.

